 Dungeon Crawl Stone Soup version 0.31.0-1-g2c135a008e (webtiles) character file.

Game seed: 1144452722510005723

301 qw the Shooter (level 6, -2/47 HPs)
             Began as a Djinni Hunter on Jan 23, 2024.
             Slain by an iguana (11 damage)
             ... on level 4 of the Dungeon.
             The game lasted 00:00:09 (2262 turns).

qw the Shooter (Djinni Hunter)                      Turns: 2262, Time: 00:00:10

Health: -2/47      AC:  6    Str: 10    XL:     6   Next: 64%
Gold:   293        EV: 11    Int: 11    God:
                   SH:  0    Dex: 18

rFire   + + .        a - +0 shortbow
rCold   x . .        (shield currently unavailable)
rNeg    . . .        g - +0 ring mail
rPois   inf          (no helmet)
rElec   .            (no cloak)
rCorr   .            f - +0 pair of gloves
SInv    .            (boots unavailable)
Will    .....        (no amulet)
Stlth   +            (no ring)
HPRegen 0.27/turn    (no ring)
MPRegen 0.00/turn

%: infuse magic (-3 HP)
@: flying
A: sickness immunity, fire resistance 2, cold vulnerability 1, float, innate
caster, HP casting, extra vitality 1
a: no special abilities


You were on level 4 of the Dungeon.
You visited 1 branch of the dungeon, and saw 4 of its levels.

You collected 293 gold pieces.


Innate Abilities, Weirdness & Mutations

You are immune to sickness and miasma.
You are immune to poison.
Your flesh is very heat resistant. (rF++)
You are vulnerable to cold. (rC-)
You float through the air rather than walking.
You learn spells naturally, not from books.
Your magical power is your life essence.
You have superior vitality. (+4 MHP)


   Skills:
 - Level 4.2 Fighting
 + Level 4.9 Ranged Weapons
 - Level 1.9 Armour
 - Level 2.1 Dodging
 - Level 0.7 Stealth


You knew the following spells:

 Your Spells              Type           Power      Damage    Failure   Level
a - Apportation           Tloc           0%         N/A       65%         1
b - Ensorcelled Hibernat  Hex/Ice        0%         N/A       80%         2
Your spell library was empty.

Inventory:

Hand Weapons
 a - a +0 shortbow (weapon)
Armour
 d - a +0 helmet
 f - a +0 pair of gloves (worn)
 g - a +0 ring mail (worn)
Wands
 e - a wand of light (8)
Scrolls
 i - a scroll of brand weapon {unknown}
 j - a scroll of enchant weapon {unknown}
Potions
 b - a potion of degeneration {unknown}
 c - a potion of curing
 h - 3 potions of might

Dungeon Overview and Level Annotations

Branches:
Dungeon (4/15)
 Temple: D:4-7

Altars:
Zin


Message History

You shoot an arrow.
The arrow hits the iguana but does no damage.
The iguana is moderately wounded.
The iguana bites you. The iguana completely misses you.
You shoot an arrow. The arrow barely misses the iguana.
The iguana bites you but does no damage.
You shoot an arrow. The arrow barely misses the iguana.
The iguana bites you!
You shoot an arrow.
The arrow hits the iguana but does no damage.
The iguana is moderately wounded.
The iguana closely misses you. The iguana barely misses you.
You shoot an arrow. The arrow closely misses the iguana.
The iguana closely misses you.
You shoot an arrow.
The arrow hits the iguana but does no damage.
The iguana is moderately wounded.
The iguana barely misses you.
You shoot an arrow. The arrow closely misses the iguana.
The iguana bites you but does no damage.
The iguana bites you.
You shoot an arrow. The arrow closely misses the iguana.
The iguana bites you but does no damage.
You shoot an arrow. The arrow barely misses the iguana.
The iguana bites you!
You shoot an arrow. The arrow hits the iguana.
The iguana is heavily wounded.
The iguana barely misses you. x2
You shoot an arrow. The arrow closely misses the iguana.
The iguana bites you.
You shoot an arrow. The arrow hits the iguana.
The iguana is severely wounded.
The iguana bites you!
You shoot an arrow. The arrow closely misses the iguana.
The iguana bites you.
You shoot an arrow. The arrow hits the iguana.
The iguana is almost dead.
The iguana bites you but does no damage.
The iguana bites you!
You die...

######## #......# #......#### #
#......... #.#......#########
#.#.......@......#
#........##l..##.#
#########......# ...#
...%..###......##...# ######
...................... ......
......######.####...#..##########
......# #.# ...#........####
####### #.# ...#.######.....
######## .# #......#..##.


You could see an iguana.

Vanquished Creatures
  A water moccasin (D:3)
  A howler monkey (D:4)
  2 iguanas (D:4)
  An orc wizard (D:3)
  3 adders
  A dart slug (D:3)
  3 orcs
  4 ball pythons
  8 bats
  3 endoplasms
  2 giant cockroaches
  9 goblins
  3 hobgoblins
  3 quokkas
  4 frilled lizards
  3 kobolds
  6 rats
57 creatures vanquished.

Notes
Turn   | Place    | Note
-------+----------+-------------------------------------------
     0 | D:1      | qw the Djinni Hunter began the quest for the Orb.
     0 | D:1      | Reached XP level 1. HP: 18/18 MP: 0/0
     0 | D:1      | 0 ||| qw: Version: 0.3-a-136-gdd3b4e8
     0 | D:1      | 0 ||| qw: Game counter: 1192
     0 | D:1      | 0 ||| qw: Melee chars always use a shield: true
     0 | D:1      | 0 ||| qw: God list: Okawaru
     0 | D:1      | 0 ||| qw: Allow faded altars: false
     0 | D:1      | 0 ||| qw: Do Orc after clearing Dungeon:15 true
     0 | D:1      | 0 ||| qw: Do second Lair branch before Depths: true
     0 | D:1      | 0 ||| qw: Lair rune preference: random
     0 | D:1      | 0 ||| qw: Goals: Normal
     0 | D:1      | 0 ||| PLANNING D:1-11
   111 | D:1      | Reached XP level 2. HP: 23/23 MP: 0/0
   348 | D:1      | 348 ||| READING 2 scrolls labelled ZUL UNNIXAIR.
   349 | D:1      | 349 ||| DROPPING scroll of butterflies.
   516 | D:2      | Reached XP level 3. HP: 27/28 MP: 0/0
   516 | D:2      | Learned a level 1 spell: Apportation
   996 | D:2      | 996 ||| UPGRADING to +0 ring mail.
  1006 | D:2      | 1006 ||| DROPPING +0 leather armour.
  1007 | D:2      | 1007 ||| READING 3 scrolls of identify.
  1007 | D:2      | 1007 ||| IDENTIFYING sapphire potion
  1008 | D:2      | 1008 ||| READING 2 scrolls of identify.
  1008 | D:2      | 1008 ||| IDENTIFYING 2 fizzy blue potions
  1009 | D:2      | 1009 ||| READING scroll of identify.
  1009 | D:2      | 1009 ||| IDENTIFYING 2 fuming red potions
  1010 | D:2      | 1010 ||| READING scroll labelled GALAIM IPLITSOMN.
  1011 | D:2      | 1011 ||| READING scroll labelled GIGUQI SUADDE.
  1012 | D:2      | 1012 ||| DROPPING 2 potions of ambrosia.
  1051 | D:3      | 1051 ||| DRINKING potion of curing.
  1051 | D:3      | 1051 ||| (to cure confusion)
  1064 | D:3      | 1064 ||| FLEEEEING.
  1065 | D:3      | 1065 ||| FLEEEEING.
  1066 | D:3      | 1066 ||| FLEEEEING.
  1067 | D:3      | 1067 ||| FLEEEEING.
  1068 | D:3      | 1068 ||| FLEEEEING.
  1069 | D:3      | 1069 ||| FLEEEEING.
  1070 | D:3      | 1070 ||| FLEEEEING.
  1071 | D:3      | 1071 ||| FLEEEEING.
  1072 | D:3      | 1072 ||| FLEEEEING.
  1073 | D:3      | 1073 ||| FLEEEEING.
  1074 | D:3      | 1074 ||| STAIRDANCE
  1139 | D:3      | 1139 ||| STAIRDANCE
  1177 | D:3      | Reached skill level 1 in Armour
  1177 | D:3      | Reached XP level 4. HP: 28/34 MP: 0/0
  1235 | D:3      | 1235 ||| FLEEEEING.
  1266 | D:3      | Noticed a water moccasin
  1268 | D:3      | 1268 ||| ZAPPING wand of light (12) at 1,-4 (water
                  | moccasin; floor).
  1269 | D:3      | 1269 ||| ZAPPING wand of light (11) at 0,-2 (water
                  | moccasin; floor).
  1270 | D:3      | 1270 ||| ZAPPING wand of light (10) at 0,-1 (water
                  | moccasin; floor).
  1271 | D:3      | 1271 ||| ZAPPING wand of light (9) at 0,-1 (water moccasin;
                  | floor).
  1271 | D:3      | Killed a water moccasin
  1272 | D:3      | Reached XP level 5. HP: 41/41 MP: 0/0
  1272 | D:3      | Learned a level 2 spell: Ensorcelled Hibernation
  1548 | D:3      | Reached XP level 6. HP: 46/47 MP: 0/0
  1837 | D:3      | Found a glowing silver altar of Zin.
  1839 | D:3      | 1839 ||| UPGRADING to +0 pair of gloves.
  1844 | D:3      | 1844 ||| READING scroll labelled OXKIAL RISEMA.
  2261 | D:4      | HP: 9/47 [iguana (5)]
  2262 | D:4      | Slain by an iguana

Levels and vault maps discovered:
D:1:      minmay_arrival_three_doors, layout_rooms
D:2:      layout_basic, minmay_misc_feat_enclosed
D:3:      layout_loops_ring, zin_treasury, dreamdust_wishing_well
D:4:      layout_basic, nicolae_grassy_gnolls

Skill      XL: |  1  2  3  4 |
---------------+-------------+-----
Ranged Weapons | 4 |  4.9
Armour         | 1 |  1.9
Fighting       | 4 |  4.2
Dodging        | |  2.1
Stealth        | |  0.7

Action                     |  1- 3 |  4- 6 || total
---------------------------+-------+-------++-------
   Fire: Shortbow          |   121 |    95 ||   216
  Evoke: Wand              |       |     4 ||     4
    Use: Scroll            |     6 |     1 ||     7
         Potion            |     1 |       ||     1
 Armour: Leather armour    |    18 |       ||    18
         Ring mail         |    42 |    35 ||    77
  Dodge: Dodged            |    41 |    37 ||    78

Table legend:
 A = Non-vault XP
 B = Vault XP
 C = Vault XP percentage of total XP
 D = Non-vault monster count
 E = Vault monster count
 F = Vault count percentage of total count
                 A         B        C        D         E       F
            +---------+---------+-------+---------+---------+-------
      Total |     431 |       0 |   0.0 |      57 |       0 |   0.0
            +---------+---------+-------+---------+---------+-------
        D:1 |      23 |       0 |   0.0 |      14 |       0 |   0.0
        D:2 |      26 |       0 |   0.0 |      17 |       0 |   0.0
        D:3 |     237 |       0 |   0.0 |      17 |       0 |   0.0
        D:4 |     145 |       0 |   0.0 |       9 |       0 |   0.0
            +---------+---------+-------+---------+---------+-------
